Druj, neutral male human Barbarian --- ----------------- ---.--------------- --........)(%....| |...............>.| |...------------.----- |...@'(.---------.--- ---..---- |.....| |..k--..----- |...| |...-|..-- ---.-.-- ---..|--...|.-------.-----------.----...| |....-- |....| |..........[).............--.....-- ---- ---...| ---.---- -----..-----..|.--...-----........---..| --..| |...| ---- --...|......| ---............-- ---- ---.--- |....|--....---......---.....-- |...| --...| |.........|...| ----...| -- ---.--- --...--|........---..| --.-- ..--.<.| ---- --.-...|--.......| ---- -%-- |.|...-- ----..-- |......---.|.--.-- .. |....%---- |......| |-........------- ... |...^....| --.....|-----........-- .... --.......------....--.--..%......| .... ----.......|--........[.........| ...... --.---..||...|....^..........| ----.. --- ----|..---.|.|.--..|.|.-- --- ---- --------------- Druj the Bandit Experience level: 6 Strength: 18 Dexterity: 17 Constitution: 18 Intelligence: 8 Wisdom: 7 Charisma: 6 Health: 0(56) Energy: 7(7) Def: 3 Gold: 186 Moves: 3153 Dungeon seed: oYbj-6SU7v4LuVtu Game ID: Druj_1525117548 Your Inventory: Coins $ - 186 gold pieces Weapons a - an uncursed +0 two-handed sword (weapon in hands) b - an uncursed +0 axe (alternate weapon; not wielded) g - 11 uncursed +0 darts (in quiver) A - an uncursed +2 orcish dagger E - an uncursed +0 orcish dagger H - 8 uncursed +0 arrows I - an uncursed +0 bow Armor e - an uncursed +0 ring mail n - an uncursed +0 orcish helm (being worn) B - an uncursed +0 dwarvish cloak (being worn) C - a cursed +0 pair of iron shoes (being worn) Comestibles M - an uncursed partly eaten male goblin corpse Potions h - an uncursed potion of extra healing x - a blessed potion of extra healing F - an uncursed potion of object detection Tools m - an uncursed lock pick v - an uncursed tin whistle Gems q - 9 uncursed rocks u - an uncursed jasper stone y - an uncursed worthless piece of blue glass z - 3 uncursed worthless pieces of yellowish brown glass J - an uncursed worthless piece of yellow glass N - an uncursed worthless piece of red glass Spells and supernatural/magical abilities: Name Level Category Cost Memory W - pray for help -- divine ? -- Your skills at the end: Fighting Skills bare handed combat [Basic] Weapon Skills axe [Basic] two-handed sword [Basic] Spellcasting Skills Final Attributes: You were piously aligned. You were immune to poison. You were slow. You were lucky. Crom was noncommittal.. You are dead. Vanquished creatures: a dwarf king a dog a bugbear a mountain nymph 5 gnome lords a straw golem 4 giant ants a floating eye 4 dwarves a homunculus a kobold lord 2 hill orcs a rothe a centipede a monkey 2 orc zombies a hobbit a large kobold a hobgoblin a yellow mold a red mold 15 gnomes 3 garter snakes 3 gnome zombies a gecko 12 jackals 3 foxes 2 kobolds 4 goblins 2 grid bugs a bat 6 lichens 2 newts 87 creatures vanquished. Voluntary challenges: You had followed a strict vegetarian diet until turn 2580. You were an atheist. You used a wielded weapon 98 times, starting on turn 612. You read items or engraved 1 time, starting on turn 167. You never genocided any monsters. You never polymorphed an object. You never changed form. You used no wishes. You never split a pudding. You never wrote Elbereth's name. You violated your moral code, losing 50 points of alignment, starting on turn 1645. Dungeon overview: The Dungeons of Doom: levels 1 to 2 Level 1 a fountain a long staircase Level 2 a general store, some fountains, a vault stairs to The Gnomish Mines The Gnomish Mines: levels 3 to 4 Level 3 stairs to The Dungeons of Doom Level 4 <- You were here History has recorded: On T:1 you entered the Dungeons of Doom to retrieve the Amulet of Yendor! On T:640 you advanced to experience level 2. On T:994 you reached level 2 of The Dungeons of Doom. On T:1063 you advanced to experience level 3. On T:1501 you reached level 1 of The Gnomish Mines. On T:1517 you advanced to experience level 4. On T:1602 you advanced to experience level 5. On T:2275 you reached level 2 of The Gnomish Mines. On T:2358 you advanced to experience level 6. Score breakdown: Gold: 186 ( 7728 points) Experience: 6 levels (12456 points) Exploration: 4 levels ( 8.16%) ( 7500 points) Discoveries: 4 items ( 1.59%) ( 3787 points) Valuables value: (no points given unless you survive) Artifact value: 0 ( 0 points) Variety of kills: 33 monsters ( 8.68%) ( 8840 points) Turncount: 3153 turns ( -673 points) Survival: died (score multiplied by 80%) Total score: 31710 Latest messages: You faint from lack of food. The paper golem hits! The kobold hits! The paper golem hits! (2x) The kobold hits! The paper golem hits! (2x) The kobold hits! The paper golem hits! (2x) The kobold hits! The paper golem hits! (2x) The kobold hits! The paper golem hits! (2x) The kobold hits! The paper golem hits! (2x) The kobold hits! The paper golem hits! (2x) The kobold hits! The paper golem hits! (2x) The kobold hits! The paper golem hits! (2x) The kobold hits! You die... Final status: Goodbye Druj the Barbarian, killed by a kobold, while fainted from lack of food... You died in The Gnomish Mines on dungeon level 4 with 31710 points, and 186 pieces of gold, after 3153 moves. You were level 6 with a maximum of 56 hit points when you died.